 Dungeon Crawl Stone Soup version 0.18.1-50-g88ac8fd (webtiles) character file.

82 Amnesiac the Cutter (level 4, 0/27 HPs)
             Began as a Deep Elf Fighter on Mar 2, 2018.
             Succumbed to an adder's poison
             ... on level 4 of the Dungeon.
             The game lasted 00:02:56 (1260 turns).

Amnesiac the Cutter (Deep Elf Fighter)              Turns: 1260, Time: 00:02:56

Health: 0/27       AC:  7    Str: 14    XL:     4   Next: 21%
Magic:  4/6        EV:  6    Int: 13    God:
Gold:   9          SH:  8    Dex: 14    Spells: 0 memorised, 3 levels left

rFire  . . .     SeeInvis .     a - +0 rapier
rCold  . . .     Gourm    .     b - +0 scale mail
rNeg   . . .     Faith    .     c - +0 shield
rPois  .         Spirit   +     (no helmet)
rElec  .         Dismiss  .     (no cloak)
rCorr  .         Reflect  .     (no gloves)
SustAt .         Harm     .     m - +0 pair of boots
MR     .....                    d - amulet of guardian spirit
Stlth  ..........               (no ring)
                                (no ring)

@: lethally poisoned (0 -> -12), not resistant to hostile enchantments,
extremely unstealthy
A: no striking features
a: no special abilities


You were on level 4 of the Dungeon.
You were not hungry.

You visited 1 branch of the dungeon, and saw 4 of its levels.

You collected 9 gold pieces.

Inventory:

Hand Weapons
 a - a +0 rapier (weapon)
Missiles
 e - 30 poisoned needles
 g - 38 stones (quivered)
 p - 19 sling bullets
Armour
 b - a +0 scale mail (worn)
 c - a +0 shield (worn)
 m - a +0 pair of boots (worn)
Jewellery
 d - an amulet of guardian spirit (around neck)
Scrolls
 h - a scroll of identify {!r}
 n - a scroll of teleportation {!r}
Comestibles
 f - a bread ration
 i - 3 fruits
 j - 2 meat rations
 k - a beef jerky
 l - 4 slices of pizza


   Skills:
 - Level 2.4 Fighting
 + Level 4.5 Short Blades
 - Level 2.4 Armour
 - Level 2.4 Shields


You had 3 spell levels left.
You didn't know any spells.

Dungeon Overview and Level Annotations

Branches:
Dungeon (4/15)
 Temple: D:4-7

Altars:


Message History

You hit the adder.
The adder is heavily wounded.
The adder bites you but does no damage.
You closely miss the adder.
The adder is heavily wounded.
The adder bites you. You block the adder's attack.
You closely miss the adder.
The adder is heavily wounded.
You feel sick. The adder barely misses you.
You closely miss the adder.
The adder is heavily wounded.
The adder bites you but does no damage. You block the adder's attack.
Your shield and scale mail prevent you from hitting the adder.
The adder is heavily wounded.
The adder bites you.
You are more poisoned.
The adder poisons you!
You closely miss the adder.
The adder is heavily wounded.
You feel sick. The adder bites you.
* * * LOW HITPOINT WARNING * * *
You are lethally poisoned!
The adder poisons you!
You barely miss the adder.
The adder is heavily wounded.
* * * LOW HITPOINT WARNING * * *
You feel sick. You block the adder's attack. The adder barely misses you.
You hit the adder.
The adder is severely wounded.
* * * LOW HITPOINT WARNING * * *
You feel sick. The adder bites you.
You are more poisoned.
The adder poisons you!
You hit the adder.
The adder is almost dead.
* * * LOW HITPOINT WARNING * * *
You feel sick. The adder barely misses you. The adder bites you.
* * * LOW HITPOINT WARNING * * *
You are more poisoned.
The adder poisons you!
You closely miss the adder.
The adder is almost dead.
* * * LOW HITPOINT WARNING * * *
You feel sick. You block the adder's attack.
You are too injured to fight recklessly!
You are too injured to fight recklessly!
You are too injured to fight recklessly!
You are too injured to fight recklessly!
You hit the adder.
You kill the adder!
* * * LOW HITPOINT WARNING * * *
You feel sick.
* * * LOW HITPOINT WARNING * * *
You feel sick.
You aren't carrying any potions.
Read which item? (? for menu, Esc to quit)
Okay, then.
* * * LOW HITPOINT WARNING * * *
You feel sick.
* * * LOW HITPOINT WARNING * * *
You feel sick.
* * * LOW HITPOINT WARNING * * *
You feel sick.
You die...

#.# #†#
####.####.#
..........####.#.
####.###..[......
##.###... #...#.#
# #.#...# #@..#.#
#....=.......
#############


There were no monsters in sight!

Vanquished Creatures
  A worker ant (D:4)
  3 adders
  A bat (D:1)
  2 giant cockroaches
  4 goblins
  7 hobgoblins
  A quokka (D:4)
  6 giant newts
  4 kobolds
  5 rats
34 creatures vanquished.

Notes
Turn   | Place    | Note
--------------------------------------------------------------
     0 | D:1      | Amnesiac the Deep Elf Fighter began the quest for the Orb.
     0 | D:1      | Reached XP level 1. HP: 13/13 MP: 3/3
   175 | D:1      | Reached XP level 2. HP: 18/18 MP: 4/4
   242 | D:1      | Reached skill level 3 in Short Blades
   545 | D:2      | Reached XP level 3. HP: 3/22 MP: 5/5
  1022 | D:3      | Reached skill level 4 in Short Blades
  1071 | D:4      | Reached XP level 4. HP: 21/27 MP: 3/6
  1259 | D:4      | HP: 1/27 [poisoned by an adder]
  1260 | D:4      | Succumbed to an adder's poison

Skill      XL: |  1  2  3 |
---------------+----------+-----
Short Blades   | 3 4 |  4.5
Fighting       | |  2.4
Armour         | |  2.4
Shields        | |  2.4

Action                   |  1- 3 |  4- 6 || total
-------------------------+-------+-------++-------
Melee: Rapier            |   118 |    18 ||   136
  Use: Potion            |     3 |       ||     3
       Scroll            |     2 |       ||     2
  Eat: Chunk             |     1 |       ||     1
Armor: Scale mail        |    49 |     6 ||    55
Dodge: Dodged            |    25 |     4 ||    29
Block: Shield            |    58 |     6 ||    64
